 Dungeon Crawl Stone Soup version 0.29-a0-823-gc37b1572da (webtiles) character file.

Game seed: 11653357857534802929

2 wilfster70 the Sneak (level 1, -2/14 HPs)
             Began as a Kobold Delver on July 8, 2022.
             Slain by a phantom (6 damage)
             ... on level 5 of the Dungeon.
             The game lasted 00:00:41 (179 turns).

wilfster70 the Sneak (Kobold Delver)                 Turns: 179, Time: 00:00:42

Health: -2/14      AC:  3    Str:  9    XL:     1   Next: 33%
Magic:  1/1        EV: 14    Int: 11    God:
Gold:   0          SH:  0    Dex: 16    Spells: 0/0 levels left

rFire   . . .      SeeInvis .   a - +0 short sword
rCold   . . .      Faith    .   (no shield)
rNeg    . . .      Spirit   .   b - +0 leather armour
rPois   .          Reflect  .   (no helmet)
rElec   .          Harm     .   (no cloak)
rCorr   .          Rampage  .   (no gloves)
Will    .....                   (no boots)
Stlth   ++++......              (no amulet)
HPRegen 0.04/turn               (no ring)
MPRegen 0.07/turn               (no ring)

@: no status effects
A: small, no large weapons, nightstalker 3
a: no special abilities


You were on level 5 of the Dungeon.
You visited 1 branch of the dungeon, and saw 2 of its levels.

Inventory:

Hand Weapons
 a - a +0 short sword (weapon)
Armour
 b - a +0 leather armour (worn)
Wands
 g - a wand of digging (3)
Scrolls
 c - a scroll of fog
 d - a scroll of magic mapping
 e - a scroll of fear
Potions
 f - a potion of haste


   Skills:
 + Level 3.3 Fighting
 + Level 2.7 Short Blades
 + Level 2.5 Dodging
 + Level 6.6 Stealth


You couldn't memorise any spells.
You didn't know any spells.
Your spell library was empty.

Dungeon Overview and Level Annotations

Branches:
Dungeon (6/15)
 Temple: D:4-7

Altars:
Trog


Innate Abilities, Weirdness & Mutations

You are small and have problems with some larger weapons.
You are completely attuned to the shadows.


Message History

Found a stone staircase leading down.
Found a bloodstained altar of Trog.
There is a stone staircase leading down here.
You climb downwards.
You hear the hiss of flowing sand.
There is an entrance to an ossuary on this level.
Hurry and find it before the portal is buried!
There is a stone staircase leading up here.
The orc shouts!
The orc hits you with a +0 club.
You hit the orc.
The orc is heavily wounded.
You hit the orc.
The orc is almost dead.
The orc misses you.
You hit the orc.
You kill the orc!
You start resting.
You hear the slow hiss of an avalanche of sand nearby.
You start resting.
HP restored.
There is a stone staircase leading up here.
There is a stone staircase leading up here.
You hear the slow hiss of an avalanche of sand nearby.
Things that are here:
a +0 club; an orc corpse A phantom comes into view.
Things that are here:
a +0 club; an orc corpse You hear the slow hiss of an avalanche of sand nearby.
There is a stone staircase leading up here.
The phantom closely misses you.
You climb upwards.
There is a stone staircase leading down here.
The phantom barely misses you. The phantom hits you.
The phantom attacks as you move away! The phantom hits you.
The phantom attacks as you move away! The phantom hits you.
* * * LOW HITPOINT WARNING * * *
The phantom hits you.
You die...

#..##
#####
###_###
#8...8#
##.....##
#8.....8#
##.....##
#8@W.8#
##.....##
#8.....8#
##.....##
#8...8#
###>###
#####
.....#
#######


You could see a phantom.

Vanquished Creatures
  An orc (D:6)
1 creature vanquished.

Notes
Turn   | Place    | Note
-------+----------+-------------------------------------------
     0 | D:5      | wilfster70 the Kobold Delver began the quest for the Orb.
     0 | D:5      | Reached XP level 1. HP: 14/14 MP: 1/1
     5 | D:5      | Found a bloodstained altar of Trog.
   145 | D:6      | Noticed a phantom
   179 | D:5      | Slain by a phantom

Illustrated notes

Levels and vault maps discovered:
D:5:      minmay_diamond_boxcup, layout_loops_ring,
          nicolae_overflow_hidden_temple, evilmike_ruin_ashenzari,
          mainiacjoe_overflow_tiny_flanked, mainiacjoe_overflow_catwalk,
          serial_shops, kennysheep_mini, minmay_misc_feat_pillars,
          minmay_misc_feat_chi, uniq_pikel
D:6:      layout_basic, mainiacjoe_overflow_alcove_1,
          nicolae_qazlal_scattered_showers, zin_purify,
          minmay_temple_entry_statues_fountains, nicolae_ossuary_entry_giza,
          nicolae_shop_self_help

Action                   || total
-------------------------++-------
Melee: Short sword       ||     3
Dodge: Dodged            ||     3

Table legend: (Time is in decaauts)
 A = Elapsed time spent in this place.
 B = Non-inter-level travel time spent in this place.
 C = Inter-level travel time spent in this place.
 D = Time resting spent in this place.
 E = Time spent auto-exploring this place.
 F = Levels seen in this place.
 G = Mean time per level.
                   A        B        C        D        E       F      G
               +--------+--------+--------+--------+--------+-----+--------+
         Total |    179 |    179 |      0 |     77 |      0 |   2 |   89.5 |
       Dungeon |    179 |    179 |      0 |     77 |      0 |   2 |   89.5 |
               +--------+--------+--------+--------+--------+-----+--------+

Top non-repeatable levels by time:
     D:6: 154 daAuts
     D:5: 24 daAuts
